 Dungeon Crawl Stone Soup version 0.21.1-1-g345015f (webtiles) character file.

63 Lilleppy the Skirmisher (level 3, -2/30 HPs)
             Began as a Demonspawn Berserker on Apr 9, 2018.
             Was a Believer of Trog.
             Slain by bande's ghost (9 damage)
             ... on level 4 of the Dungeon.
             The game lasted 00:05:19 (2090 turns).

Lilleppy the Skirmisher (Demonspawn Berserker)      Turns: 2090, Time: 00:05:20

Health: -2/30      AC: 10    Str: 18    XL:     3   Next: 89%
Magic:  3/3        EV:  8    Int:  8    God:    Trog [**....]
Gold:   147        SH:  0    Dex: 12    Spells: 2/2 levels left

rFire    . . .     SeeInvis .   a - +0 falchion
rCold    . . .     Gourm    .   (no shield)
rNeg     . . .     Faith    .   d - +0 chain mail
rPois    +         Spirit   .   e - +0 helmet (curse)
rElec    .         Reflect  .   (no cloak)
rCorr    .         Harm     .   (no gloves)
MR       .....                  j - +0 pair of boots
Stlth    ..........             (no amulet)
HPRegen  0.10/turn              g - -2 ring of protection (curse)
MPRegen  0.08/turn              n - ring of poison resistance

@: no status effects
A: icy blue scales 1
a: Berserk, Trog's Hand, Burn Spellbooks, Renounce Religion


You were on level 4 of the Dungeon.
You worshipped Trog.
Trog was pleased with you.
You were not hungry.

You visited 1 branch of the dungeon, and saw 4 of its levels.

You collected 147 gold pieces.

Inventory:

Hand Weapons
 a - a +0 falchion (weapon)
 p - a +0 dagger of venom
Armour
 b - a +1 animal skin
 d - a +0 chain mail (worn)
 e - a cursed +0 helmet (worn)
 h - a +0 ring mail
 j - a +0 pair of boots (worn)
 o - a +0 scale mail
Jewellery
 g - a cursed -2 ring of protection (left hand)
 n - a ring of poison resistance (right hand)
 q - an uncursed ring of poison resistance
Scrolls
 f - a scroll of enchant armour
 i - 4 scrolls of identify
 k - a scroll of teleportation {unknown}
 m - 2 scrolls of amnesia {unknown}
Potions
 l - a potion of curing {unknown}
 r - a potion of heal wounds
Comestibles
 c - 3 rations


   Skills:
 + Level 3.7 Fighting
 + Level 3.3 Long Blades
 + Level 2.0 Armour
 + Level 2.1 Dodging
 + Level 0.8 Stealth


You had 2 spell levels left.
You didn't know any spells.

Dungeon Overview and Level Annotations

Branches:
Dungeon (4/15)
 Temple: D:4-7

Altars:
Cheibriados
Okawaru
Trog
Xom
Zin

Annotations:
D:3 1 runed door
D:4 bande's ghost, novice GrFi


Innate Abilities, Weirdness & Mutations

You are partially covered in icy blue scales. (AC +2)


Message History

As you read the scroll labeled VOTOADATS, it crumbles to dust.
It is a scroll of identify.
r - 2 potions of heal wounds Bande's ghost hits you!
* * * LOW HITPOINT WARNING * * *
You feel much better. Bande's ghost hits you!
You hit bande's ghost but do no damage.
Bande's ghost is lightly damaged.
Bande's ghost hits you!
You hit bande's ghost but do no damage.
Bande's ghost is lightly damaged.
Bande's ghost hits you but does no damage. x2
You hit bande's ghost but do no damage.
Bande's ghost is lightly damaged.
Bande's ghost hits you.
* * * LOW HITPOINT WARNING * * *
You slash bande's ghost!
Bande's ghost is moderately damaged.
Bande's ghost hits you!
You die...

#...# #... #...
#..# #..# #..#
#..############
#..(..(.......#
#@###########.#
#W# #.# #s#
#######.# #.#
#.......# #.#
#.####### #.#
#.# #.# #<# #.#
#.# #.# #.#


You could see bande's ghost and a giant cockroach.

Vanquished Creatures
  An adder (D:2)
  An ooze (D:3)
  3 worms
  3 leopard geckos
  2 hobgoblins (D:1)
  7 kobolds
  A quokka (D:2)
  A ball python (D:1)
  6 bats
  4 frilled lizards (D:2)
  5 goblins
  9 rats
43 creatures vanquished.

Notes
Turn   | Place    | Note
-------+----------+-------------------------------------------
     0 | D:1      | Lilleppy the Demonspawn Berserker began the quest for the Orb.
     0 | D:1      | Reached XP level 1. HP: 18/18 MP: 1/1
   138 | D:1      | Gained mutation: You are partially covered in icy blue scales. (AC +2) [demonic ancestry]
   138 | D:1      | Reached XP level 2. HP: 5/24 MP: 2/2
   895 | D:2      | Reached XP level 3. HP: 16/29 MP: 3/3
   931 | D:2      | Found an iron altar of Okawaru.
   942 | D:2      | Found a shimmering altar of Xom.
   947 | D:2      | Found a snail-covered altar of Cheibriados.
   955 | D:2      | Found a bloodstained altar of Trog.
   985 | D:2      | Reached ** piety under Trog
  1578 | D:3      | Found a runed door.
  1580 | D:3      | Found a glowing silver altar of Zin.
  1580 | D:3      | Noticed an angel
  2078 | D:4      | Noticed bande's ghost (novice GrFi)
  2090 | D:4      | Slain by bande's ghost

Skill      XL: |  1  2 |
---------------+-------+-----
Dodging        | 2 |  2.1
Long Blades    | 3 |  3.3
Armour         | 2 |  2.0
Fighting       | |  3.7
Stealth        | |  0.8

Action                   || total
-------------------------++-------
Melee: Falchion          ||   142
  Use: Scroll            ||     2
       Potion            ||     3
 Stab: Sleeping          ||     1
  Eat: Chunk             ||     2
       Ration            ||     1
Armor: Animal skin       ||    48
       Chain mail        ||    13
Dodge: Dodged            ||   104
       Rpst.: Falchion   ||    44
